 Seeded DCSS version 0.30.0-5-g1a98f26d00 (webtiles) character file.

Game seed: 13576719084110829697 (custom seed)

14 Mickster the Chopper (level 2, -2/27 HPs)
             Began as a Hill Orc Berserker on May 9, 2023.
             Was a Follower of Trog.
             Slain by a hobgoblin (3 damage)
             ... on level 1 of the Dungeon.
             The game lasted 00:03:08 (278 turns).

Mickster the Chopper (Hill Orc Berserker)            Turns: 278, Time: 00:03:09

Health: -2/27      AC:  2    Str: 19    XL:     2   Next: 41%
Magic:  2/2        EV: 12    Int:  7    God:    Trog [*.....]
Gold:   23         SH:  0    Dex: 10    Spells: 1/1 levels left

rFire   . . .        a - +0 hand axe
rCold   . . .        (no shield)
rNeg    . . .        b - +0 animal skin
rPois   .            (no helmet)
rElec   .            (no cloak)
rCorr   .            (no gloves)
SInv    .            (no boots)
Will    .....        (no amulet)
Stlth   +            (no ring)
HPRegen 0.24/turn    (no ring)
MPRegen 0.08/turn

%: no passive effects
@: no status effects
A: no striking features
a: Renounce Religion, Berserk


You were on level 1 of the Dungeon.
You worshipped Trog.
Trog was aware of your devotion.
You visited 1 branch of the dungeon, and saw 1 of its levels.

You collected 23 gold pieces.

Inventory:

Hand Weapons
 a - a +0 hand axe (weapon)
Armour
 b - a +0 animal skin (worn)


   Skills:
 + Level 4.0 Fighting
 + Level 4.4 Axes
 + Level 2.2 Armour
 + Level 1.7 Dodging


You had one spell level left.
You didn't know any spells.
Your spell library was empty.

Dungeon Overview and Level Annotations

Branches:
Dungeon (1/15)

Altars:


Message History

The hobgoblin barely misses you. The kobold misses you.
You closely miss the kobold.
The kobold is heavily wounded.
You hit the hobgoblin. The hobgoblin closely misses you.
The kobold hits you with a +0 dagger.
You hit the kobold.
You kill the kobold!
Trog accepts your kill.
You hit the hobgoblin but do no damage. The hobgoblin hits you.
The hobgoblin hits you.
You see here a +0 dagger.
The hobgoblin hits you.
You barely miss the hobgoblin. The hobgoblin closely misses you.
You hit the hobgoblin.
The hobgoblin is severely wounded.
The hobgoblin closely misses you.
You closely miss the hobgoblin.
The hobgoblin is severely wounded.
The hobgoblin misses you.
You closely miss the hobgoblin.
The hobgoblin is severely wounded.
The hobgoblin misses you.
You closely miss the hobgoblin.
The hobgoblin is severely wounded.
The hobgoblin misses you. The hobgoblin barely misses you.
You hit the hobgoblin but do no damage.
The hobgoblin is severely wounded.
The hobgoblin hits you.
You hit the hobgoblin but do no damage.
The hobgoblin is severely wounded.
The hobgoblin hits you.
* * * LOW HITPOINT WARNING * * *
You closely miss the hobgoblin.
The hobgoblin is severely wounded.
The hobgoblin hits you.
* * * LOW HITPOINT WARNING * * *
You hit the hobgoblin but do no damage.
The hobgoblin is severely wounded.
The hobgoblin hits you.
You die...

#.###.###.###.##..........#
...............#.###...#...
.##.###.###.##...# #...###.
#...........#.#.# #...# .
...##.###.##...#.# #.... #
#.......#.#.### #..#
#...##.##...#..# ...
#.#.#...#.#.#.##
...#...#bg@#...# .#
#.#...#)# #.#
...##.##...#..# #.# ...
..#.# ## ... #.# #.##... .#
... .. #.# #.# .## ..# .. .
#.. # ##


You could see a hobgoblin and a bat.

Vanquished Creatures
  An endoplasm (D:1)
  A goblin (D:1)
  A hobgoblin (D:1)
  4 jackals (D:1)
  A bat (D:1)
  A frilled lizard (D:1)
  2 kobolds (D:1)
  A rat (D:1)
12 creatures vanquished.

Notes
Turn   | Place    | Note
-------+----------+-------------------------------------------
     0 | D:1      | Mickster the Hill Orc Berserker began the quest for the
                  | Orb.
     0 | D:1      | Reached XP level 1. HP: 19/19 MP: 1/1
   116 | D:1      | Reached XP level 2. HP: 24/27 MP: 2/2
   277 | D:1      | HP: 1/27 [hobgoblin (5)]
   278 | D:1      | Slain by a hobgoblin

Illustrated notes

Levels and vault maps discovered:
D:1:      arrival_zaba_pyramid, layout_rooms, grunt_decor_junction,
          dreamdust_princess_bridge, serial_park_tiny_1,
          nicolae_concentric_dashed_squares_mild, minmay_surrounded

Skill      XL: |  1  2 |
---------------+-------+-----
Fighting       | 4 |  4.0
Axes           | |  4.4
Armour         | |  2.2
Dodging        | |  1.7

Action                     || total
---------------------------++-------
  Melee: Hand axe          ||    43
    Use: Scroll            ||     2
 Armour: Animal skin       ||     9
  Dodge: Dodged            ||    26
